 Dungeon Crawl Stone Soup version 0.20.1-1-g8b1a95d (webtiles) character file.

18 Fingolfin the Changer (level 2, 10/14 HPs)
             Began as a Vine Stalker Transmuter on Aug 31, 2017.
             Quit the game on level 1 of the Dungeon.
             The game lasted 00:00:34 (304 turns).

Fingolfin the Changer (Vine Stalker Transmuter)      Turns: 304, Time: 00:00:35

Health: 10/14      AC:  2    Str: 12    XL:     2   Next: 66%
Magic:  6/6        EV: 12    Int: 13    God:
Gold:   29         SH:  0    Dex: 14    Spells: 4/5 levels left

rFire    . . .     SeeInvis .     - Unarmed
rCold    . . .     Gourm    .   (no shield)
rNeg     . . .     Faith    .   b - +0 robe
rPois    .         Spirit   +   (no helmet)
rElec    .         Reflect  .   (no cloak)
rCorr    .         Harm     .   (no gloves)
MR       .....                  (no boots)
Stlth    +.........             (no amulet)
Regen    0.1/turn               (no ring)
MPRegen  0.1/turn               (no ring)

@: no status effects
A: fangs 2, magic shield, antimagic bite, no potion heal 3, rot immunity
a: no special abilities


You were on level 1 of the Dungeon.
You were not hungry.

You visited 1 branch of the dungeon, and saw 1 of its levels.

You collected 29 gold pieces.

Inventory:

Missiles
 a - 12 arrows
Armour
 b - a +0 robe (worn)
Scrolls
 e - 3 scrolls of identify {unknown}
 f - a scroll of random uselessness {unknown}
 g - a scroll of blinking {unknown}
 j - a scroll of teleportation {unknown}
 k - a scroll of immolation {unknown}
Potions
 h - 2 potions of curing {unknown}
Books
 c - a book of Changes

   Spells                             Type                      Level
   a - Beastly Appendage              Transmutation                1
   b - Sticks to Snakes               Transmutation                2
   c - Spider Form                    Transmutation/Poison         3
   d - Ice Form                       Ice/Transmutation            4
   e - Blade Hands                    Transmutation                5
Comestibles
 d - a bread ration
 i - a meat ration


   Skills:
 - Level 0.8 Fighting
 - Level 1.5 Dodging
 - Level 3.0 Unarmed Combat
 - Level 2.1 Spellcasting
 + Level 3.1 Transmutations


You had 4 spell levels left.
You knew the following spells:

 Your Spells              Type           Power        Failure   Level  Hunger
a - Beastly Appendage     Tmut           #.....       7%          1    ##.....


Dungeon Overview and Level Annotations

Branches:
Dungeon (1/15)

Altars:


Innate Abilities, Weirdness & Mutations

You have extremely sharp teeth.
When hurt, damage is shared between your health and your magic reserves.
Your bite disrupts and absorbs the magic of your enemies.
Potions cannot restore your health.
You are immune to rotting.


Message History

The bat barely misses you.
You closely miss the bat. The bat hits you. The bat barely misses you.
The bat hits you. The bat hits you. The bat barely misses you.
You closely miss the bat. You bite the bat. You drain its power.
You feel invigorated.
The bat is severely wounded.
The bat closely misses you. The bat misses you. The bat barely misses you.
The bat closely misses you.
Found a scroll labeled KOAKUORETH and a scroll labeled SITIURCHANU.
You see here a ring mail.
You hit the bat.
You kill the bat!
i - a meat ration
j - a scroll labeled KOAKUORETH
e - 3 scrolls labeled YHEUGRIFUPN (gained 1)
k - a scroll labeled SITIURCHANU Are you sure you want to abandon this character and quit the game? (Confirm with "yes".)

#.........
#...####
#.....##+#
#....#.#
#..†..##.#
#.......
#..[.)...#######
#..###..
#..............#
##.# #.#
####...........#
#.###.#
#............#
#..##..
#............#
##.##..
#.......@....+
#..#..
..............#
##....
##....##.#####.#
#.#.# #.......#
.# #...'
..###.... .#
#...# #### ##..#
....# .###># #
#.#


There were no monsters in sight!

Vanquished Creatures
  An ooze (D:1)
  A dart slug (D:1)
  A ball python (D:1)
  2 goblins (D:1)
  A hobgoblin (D:1)
  A kobold (D:1)
  2 bats (D:1)
  2 frilled lizards (D:1)
11 creatures vanquished.

Notes
Turn   | Place    | Note
-------+----------+-------------------------------------------
     0 | D:1      | Fingolfin the Vine Stalker Transmuter began the quest for the Orb.
     0 | D:1      | Reached XP level 1. HP: 9/9 MP: 4/4
    30 | D:1      | Reached XP level 2. HP: 9/14 MP: 6/6
   304 | D:1      | Quit the game

Skill      XL: |  1  2 |
---------------+-------+-----
Transmutations | 3 |  3.1
Fighting       | |  0.8
Dodging        | |  1.5
Unarmed Combat | |  3.0
Spellcasting   | |  2.1

Action                   || total
-------------------------++-------
Melee: Unarmed           ||    30
       Bite              ||     6
       Headbutt          ||     1
       Punch             ||     1
 Cast: Beastly Appendage ||     1
 Stab: Sleeping          ||     1
Armor: Robe              ||     3
Dodge: Dodged            ||    30
